 Dungeon Crawl Stone Soup version 0.21.0-3-g78d12a8 (webtiles) character file.

65 piemaster the Chopper (level 4, -1/40 HPs)
             Began as a Hill Orc Monk on Jan 8, 2018.
             Slain by a gnoll
             ... wielding a +0 flail
              (4 damage)
             ... on level 1 of the Dungeon.
             The game lasted 00:04:32 (2429 turns).

piemaster the Chopper (Hill Orc Monk)               Turns: 2429, Time: 00:04:33

Health: -1/40      AC:  5    Str: 14    XL:     4   Next: 14%
Magic:  4/4        EV: 10    Int: 10    God:
Gold:   55         SH:  0    Dex: 13    Spells: 3/3 levels left

rFire    . . .     SeeInvis .   a - +0 hand axe
rCold    + . .     Gourm    .   (no shield)
rNeg     . . .     Faith    .   j - +0 ring mail
rPois    .         Spirit   .   (no helmet)
rElec    .         Reflect  .   (no cloak)
rCorr    .         Harm     .   (no gloves)
MR       .....                  (no boots)
Stlth    +.........             (no amulet)
HPRegen  0.13/turn              h - ring of protection from cold
MPRegen  0.09/turn              (no ring)

@: heavily drained
A: no striking features
a: no special abilities


You were on level 1 of the Dungeon.
You were not hungry.

You visited 1 branch of the dungeon, and saw 2 of its levels.

You collected 55 gold pieces.

Inventory:

Hand Weapons
 a - a +0 hand axe (weapon)
Armour
 j - a +0 ring mail (worn)
Jewellery
 h - a ring of protection from cold (left hand)
 k - an uncursed amulet of harm
Wands
 l - a wand of flame (28)
Scrolls
 e - a scroll of enchant armour {unknown}
 f - a scroll of identify {unknown}
 i - a scroll of random uselessness {unknown}
Potions
 b - a potion of heal wounds {unknown}
 d - 3 potions of magic {unknown}
 g - a potion of flight {unknown}
Comestibles
 c - 5 rations


   Skills:
 + Level 4.2(2.9) Fighting
 * Level 5.2(3.8) Axes
 + Level 1.3(0.0) Armour
 - Level 2.5(1.3) Dodging
 - Level 1.8(0.6) Stealth


You had 3 spell levels left.
You didn't know any spells.

Dungeon Overview and Level Annotations

Branches:
Dungeon (2/15)

Altars:


Message History

You hit the gnoll but do no damage.
The gnoll is heavily wounded.
The gnoll hits you with a flail.
* * * LOW HITPOINT WARNING * * *
You closely miss the gnoll.
The gnoll is heavily wounded.
You barely miss the gnoll.
The gnoll is heavily wounded.
The gnoll barely misses you.
You hit the gnoll but do no damage.
The gnoll is heavily wounded.
The gnoll completely misses you.
You hit the gnoll but do no damage.
The gnoll is heavily wounded.
The gnoll hits you with a flail.
* * * LOW HITPOINT WARNING * * *
You hit the gnoll.
The gnoll is severely wounded.
The gnoll hits you with a flail.
You die...

###........#...#.......#.....#.#
###........#...#########.###.#.#
...........#.#...........# #.#.#
...........#.#.#############.#.#
...........#.................#.#
...........###..##############.#
...........')..................#
....#......####.g################
....#......# #.@................
##)############################.#
...............# #........# #.#
##.#####.#####.# #.######.# #.#
#...###...###..# #.# #.####.#
.....#.....#...# #.# #......#
......#####....# #.#############
..<....###.....# #.#...........#
.......)#.....## #.#.#########.#


You could see a gnoll.

Vanquished Creatures
  A gnoll (D:2)
  An adder (D:2)
  2 worms (D:2)
  A dart slug (D:1)
  2 leopard geckos (D:1)
  4 bats
  A giant cockroach (D:1)
  4 hobgoblins
  6 jackals (D:1)
  A frilled lizard (D:1)
  7 kobolds
  6 rats
36 creatures vanquished.

Notes
Turn   | Place    | Note
-------+----------+-------------------------------------------
     0 | D:1      | piemaster the Hill Orc Monk began the quest for the Orb.
     0 | D:1      | Reached XP level 1. HP: 19/19 MP: 1/1
    56 | D:1      | Reached XP level 2. HP: 8/27 MP: 2/2
  1117 | D:1      | Reached XP level 3. HP: 18/33 MP: 3/3
  1810 | D:2      | Reached skill level 1 in Armour
  2125 | D:2      | Reached skill level 5 in Axes
  2133 | D:2      | Reached XP level 4. HP: 25/40 MP: 4/4
  2429 | D:1      | Slain by a gnoll

Skill      XL: |  1  2  3 |
---------------+----------+-----
Fighting       | 4 |  4.2
Armour         | 1 |  1.3
Axes           | 5 |  5.2
Dodging        | |  2.5
Stealth        | |  1.8

Action                   |  1- 3 |  4- 6 || total
-------------------------+-------+-------++-------
Melee: Hand axe          |   127 |    29 ||   156
 Stab: Sleeping          |     2 |       ||     2
  Eat: Chunk             |     3 |     2 ||     5
Armor: Robe              |     8 |       ||     8
       Ring mail         |    23 |     6 ||    29
Dodge: Dodged            |   111 |    12 ||   123
